AoeStats
← 老雞白

Arena

509870154Analyzed
3v3 RM · 4d ago on Sep 28, 2026· 73m 59s· 6 players
Game mode
Random Map
Map size
Normal (6 player)
Population
200
Speed
Normal
Resources
Standard
Victory
Conquest
Starting age
Dark Age
Ending age
Imperial Age
RankedLock teamsTeams togetherTeam positionsShared explorationLock speedFull tech treeHidden civsTurbo modeCheats
Victory
Defeat
🇹🇼 Varangians · Taiwan
1197
+10
🇹🇼 Goths · Taiwan
988
+19
🇹🇼 Celts · Taiwan
891
+23
🇩🇪 Teutons · Germany
1094
-19
🇨🇳 Turks · China
1075
-18
🇹🇷 Saracens · Türkiye
988
-15
世紀垃圾
10:42 Feudal Age
14:34 Castle Age
13:18 Double-Bit Axe
13:16 Horse Collar
14:47 Loom
16:31 Bow Saw
16:25 Heavy Plow
27:26 Wheelbarrow
31:48 Imperial Age
29:40 Anarchy
30:43 Hand Cart
30:30 Scale Mail Armor
31:41 Chain Mail Armor
31:37 Forging
31:16 Pikeman
31:57 Squires
32:48 Gold Mining
32:48 Stone Mining
34:40 Two-Man Saw
34:14 Crop Rotation
34:28 Iron Casting
36:23 Blast Furnace
37:54 Stone Shaft Mining
38:14 Conscription
38:15 Halberdier
39:21 Elite Huskarl
46:38 Perfusion
47:42 Heavy Scorpion
49:52 Ballistics
50:33 Chemistry
73:53 Spies/Treason
老雞白
10:20 Feudal Age
14:16 Castle Age
12:25 Double-Bit Axe
12:59 Horse Collar
15:16 Bow Saw
15:15 Heavy Plow
21:47 Wheelbarrow
22:14 Gold Mining
24:32 Scale Barding Armor
25:15 Bloodlines
27:06 Husbandry
29:53 Imperial Age
27:09 Loom
27:09 Town Watch
27:44 Forging
28:30 Hand Cart
28:16 Stone Mining
28:48 Scale Mail Armor
29:11 Chain Barding Armor
29:04 Squires
31:00 Iron Casting
29:56 Cavalier
30:41 Light Cavalry
32:58 Fletching
33:08 Padded Archer Armor
33:54 Bodkin Arrow
34:23 Ballistics
35:04 Chemistry
33:29 Cranequins
35:21 Conscription
34:26 Vendel Legacy
35:32 Heavy Mounted Crossbowman
38:48 Bracer
39:21 Crop Rotation
42:51 Leather Archer Armor
43:12 Plate Barding Armor
42:34 Elite Skirmisher
44:44 Hussar
48:01 Two-Man Saw
48:38 Ring Archer Armor
48:43 Iron Casting
48:34 Scale Mail Armor
52:28 Pikeman
55:50 Caravan
56:42 Chain Mail Armor
56:31 Arson
56:55 Halberdier
60:38 Siege Engineers
60:14 Treadmill Crane
63:34 Capped Ram
65:49 Siege Ram
67:03 Guilds
66:46 Elite Varangian Guard
67:12 Gambesons
67:59 Plate Mail Armor
68:29 Blast Furnace
72:31 Spies/Treason
春元胯下巨蟒
11:08 Feudal Age
12:45 Double-Bit Axe
15:14 Castle Age
13:25 Double-Bit Axe
14:26 Stone Mining
27:28 Wheelbarrow
36:34 Imperial Age
37:36 Padded Archer Armor
37:26 Fletching
37:40 Loom
38:38 Elite Skirmisher
41:20 Chemistry
41:10 Leather Archer Armor
41:37 Hand Cart
41:34 Bow Saw
43:30 Capped Ram
44:39 Bodkin Arrow
44:54 Gold Mining
45:40 Stone Shaft Mining
46:30 Pikeman
46:56 Arson
47:41 Horse Collar
57:42 Gambesons
60:47 Halberdier
66:56 Heavy Plow
69:51 Scale Mail Armor
70:02 Forging
73:55 Chain Mail Armor
74:15 Iron Casting
RaumLogik
0:51 Loom
11:03 Feudal Age
16:36 Castle Age
14:34 Double-Bit Axe
14:39 Horse Collar
17:08 Wheelbarrow
20:19 Hand Cart
20:12 Heavy Plow
20:52 Bow Saw
22:58 Gold Mining
30:21 Imperial Age
28:03 Forging
27:54 Scale Mail Armor
27:45 Fletching
27:55 Padded Archer Armor
27:20 Pikeman
29:08 Squires
28:31 Man-at-Arms
28:58 Gambesons
29:01 Arson
28:48 Crossbowman
28:48 Elite Skirmisher
30:25 Ballistics
30:48 Iron Casting
30:28 Chain Mail Armor
30:10 Bodkin Arrow
32:23 Two-Man Saw
31:53 Conscription
31:49 Halberdier
32:29 Elite Teutonic Knight
33:32 Town Watch
34:20 Crop Rotation
33:42 Stone Mining
34:23 Long Swordsman
36:44 Cavalier
39:06 Blast Furnace
38:36 Plate Mail Armor
39:05 Fortified Wall
40:16 Chemistry
39:27 Masonry
40:07 Leather Archer Armor
mrsoysal
0:32 Loom
9:20 Feudal Age
20:36 Castle Age
18:24 Double-Bit Axe
18:22 Horse Collar
18:54 Stone Mining
19:13 Gold Mining
22:55 Gold Shaft Mining
22:15 Town Watch
23:28 Thumb Ring
34:27 Imperial Age
32:37 Wheelbarrow
33:01 Ballistics
38:32 Fletching
39:46 Conscription
41:02 Elite Mameluke
48:58 Chemistry
48:12 Bodkin Arrow
50:03 Bracer
54:26 Bow Saw
1627714649
14:35 Feudal Age
15:16 Double-Bit Axe
15:26 Gold Mining
15:19 Horse Collar
18:16 Castle Age
19:49 Bow Saw
22:39 Imperial Age
21:55 Gold Shaft Mining
28:36 Stone Mining
34:35 Loom
35:10 Heavy Plow
40:56 Wheelbarrow
41:28 Ballistics
42:18 Two-Man Saw
42:31 Hand Cart
44:17 Bombard Tower
44:46 Conscription
45:05 Padded Archer Armor
45:12 Scale Barding Armor
45:54 Bloodlines
47:00 Husbandry
50:20 Chain Barding Armor
50:11 Forging
53:46 Plate Barding Armor
56:35 Murder Holes
61:40 Iron Casting
Connection lost

Rejoining the realm…

Still unreachable

The connection could not be restored.

Session expired

The server has moved on; the page needs a fresh start.